 Dungeon Crawl Stone Soup version 0.21.1-1-g345015fe64 (webtiles) character file.

89 Htamos the Ducker (level 4, 0/37 HPs)
             Began as a Human Monk on July 17, 2018.
             Slain by a gnoll
             ... wielding a +0 spear
              (11 damage)
             ... on level 2 of the Dungeon.
             The game lasted 00:03:49 (2162 turns).

Htamos the Ducker (Human Monk)                      Turns: 2162, Time: 00:03:51

Health: 0/37       AC:  2    Str: 12    XL:     4   Next: 84%
Magic:  4/4        EV: 14    Int: 10    God:
Gold:   52         SH:  0    Dex: 16    Spells: 3/3 levels left

rFire    . . .     SeeInvis .   a - +0 falchion
rCold    . . .     Gourm    .   (no shield)
rNeg     . . .     Faith    .   b - +0 robe
rPois    .         Spirit   .   (no helmet)
rElec    .         Reflect  .   (no cloak)
rCorr    .         Harm     .   (no gloves)
MR       .....                  (no boots)
Stlth    ++........             (no amulet)
HPRegen  0.12/turn              (no ring)
MPRegen  0.09/turn              (no ring)

@: no status effects
A: no striking features
a: no special abilities


You were on level 2 of the Dungeon.
You were not hungry.

You visited 1 branch of the dungeon, and saw 2 of its levels.

You collected 52 gold pieces.

Inventory:

Hand Weapons
 a - a +0 falchion (weapon)
Missiles
 h - 72 stones (quivered)
Armour
 b - a +0 robe (worn)
Wands
 l - a wand of digging (4)
Scrolls
 d - 2 scrolls of remove curse {unknown}
 g - 2 scrolls of teleportation {unknown}
 j - a scroll of immolation {unknown}
 k - a scroll of identify {unknown}
 m - a scroll of amnesia {unknown}
Potions
 e - 2 potions of ambrosia {unknown}
 f - 2 potions of curing
 n - a potion of berserk rage {unknown}
Comestibles
 c - 3 rations
 i - 9 chunks of flesh


   Skills:
 + Level 3.8 Fighting
 + Level 3.8 Long Blades
 + Level 3.8 Dodging
 - Level 2.0 Stealth


You had 3 spell levels left.
You didn't know any spells.

Dungeon Overview and Level Annotations

Branches:
Dungeon (2/15)

Altars:


Message History

The frilled lizard barely misses you.
There is an open door here.
You see here a jackal skeleton.
You barely miss the frilled lizard. The frilled lizard barely misses you.
The gnoll barely misses you.
You miss the frilled lizard. The frilled lizard closely misses you.
You riposte.
You hit the frilled lizard.
The frilled lizard is heavily wounded.
The gnoll hits you with a club. The gnoll hits you with a flail!
The gnoll closely misses you. The frilled lizard closely misses you.
You riposte.
You barely miss the frilled lizard.
The frilled lizard is heavily wounded.
You hit the frilled lizard.
You kill the frilled lizard!
The gnoll hits you with a club.
* * * LOW HITPOINT WARNING * * *
The gnoll hits you with a flail!
* * * LOW HITPOINT WARNING * * *
The gnoll hits you from afar with a spear!
You die...

..........................######
#.####################.....<...#
.....# #.........# #.##.#
#.........# #.##.####
######.........# ........+
+..............# #.##.####
#####..........#
#.##.############g..#..........#
#..)...........†@g.............#
####.############.g............#
# #.# #............####'###
####)######......#.....####.#####
...).............'.........>.....
#.##)######......#......#........
#.#..............######.#........
#.##############.# #.#....(...
#'#### #.# #..##'#####


You could see 3 gnolls.

Vanquished Creatures
  Robin (D:2)
  2 adders (D:2)
  An ooze (D:1)
  2 dart slugs
  7 bats (D:1)
  A giant cockroach (D:1)
  11 goblins (D:2)
  4 hobgoblins
  4 jackals (D:2)
  A quokka (D:2)
  5 frilled lizards
  7 kobolds
  4 rats (D:1)
50 creatures vanquished.

Notes
Turn   | Place    | Note
-------+----------+-------------------------------------------
     0 | D:1      | Htamos the Human Monk began the quest for the Orb.
     0 | D:1      | Reached XP level 1. HP: 18/18 MP: 1/1
    98 | D:1      | Reached XP level 2. HP: 14/24 MP: 2/2
   706 | D:1      | Reached XP level 3. HP: 28/29 MP: 3/3
  1487 | D:2      | Found a faded altar of an unknown god.
  1745 | D:2      | Reached XP level 4. HP: 25/35 MP: 4/4
  1746 | D:2      | Noticed Robin
  1751 | D:2      | Killed Robin
  2162 | D:2      | Slain by a gnoll

Action                   |  1- 3 |  4- 6 || total
-------------------------+-------+-------++-------
Melee: Falchion          |   105 |    42 ||   147
  Use: Potion            |     1 |       ||     1
 Stab: Sleeping          |     9 |     1 ||    10
       Distracted        |       |     2 ||     2
  Eat: Chunk             |     3 |     1 ||     4
Armor: Robe              |    14 |     4 ||    18
Dodge: Dodged            |    81 |    35 ||   116
       Rpst.: Falchion   |    25 |    12 ||    37
